 Dungeon Crawl Stone Soup version 0.18.1-48-g4cf74bf (webtiles) character file.

79 Gargoyl the Skirmisher (level 4, 0/37 HPs)
             Began as a Demonspawn Abyssal Knight on Aug 31, 2016.
             Was a Believer of Lugonu.
             Succumbed to a goblin's poison
             ... on level 2 of the Dungeon.
             The game lasted 00:03:27 (1788 turns).

Gargoyl the Skirmisher (Demonspawn Abyssal Knight)  Turns: 1788, Time: 00:03:28

Health: 0/37       AC: 11    Str: 12 (13) XL:     4   Next: 17%
Magic:  6/6        EV:  3    Int: 11 (13) God:    Lugonu [**....]
Gold:   46         SH:  0    Dex: 15 (18) Spells: 0 memorised, 3 levels left

rFire  . . .     SeeInvis .     a - +1 hand axe
rCold  . . .     Gourm    .     d - +0 plate armour
rNeg   . . .     Faith    .     (no shield)
rPois  .         Spirit   .     (helmet restricted)
rElec  .         Dismiss  .     (no cloak)
rCorr  .         Reflect  .     (no gloves)
SustAt .         Harm     .     (no boots)
MR     .....                    (no amulet)
Stlth  ..........               (no ring)
                                l - +5 ring of dexterity

@: lethally poisoned (0 -> -14), very slightly contaminated, hasted, very quick,
not resistant to hostile enchantments, extremely unstealthy
A: antennae 1, demonic guardian 1
a: Depart the Abyss, Bend Space, Renounce Religion


You were on level 2 of the Dungeon.
You worshipped Lugonu.
Lugonu was pleased with you.
You were not hungry.

You visited 1 branch of the dungeon, and saw 2 of its levels.
You visited the Abyss 1 time.

You collected 46 gold pieces.

Inventory:

Hand Weapons
 a - a +1 hand axe (weapon)
 m - a +0 spear
Missiles
 q - 3 tomahawks (quivered)
Armour
 d - a +0 plate armour (worn)
Jewellery
 l - a +5 ring of dexterity (left hand)
Scrolls
 f - 2 scrolls of magic mapping {unknown}
 i - a scroll of identify {unknown}
 j - a scroll of remove curse {unknown}
 k - a scroll of enchant armour {unknown}
 n - a scroll of blinking {unknown}
 o - a scroll of random uselessness {unknown}
 p - 2 scrolls of recharging {unknown}
Books
 b - a book of Burglary

   Spells                             Type                      Level
   a - Swiftness                      Charms/Air                   2
   b - Passwall                       Transmutation/Earth          2
   c - Passage of Golubria            Translocation                4
   d - Lee's Rapid Deconstruction     Earth                        5
   e - Darkness                       Hexes                        6
   f - Invisibility                   Hexes                        6
 e - a book of Clouds

   Spells                             Type                      Level
   a - Mephitic Cloud                 Conjuration/Poison/Air       3
   b - Conjure Flame                  Conjuration/Fire             3
   c - Poisonous Cloud                Conjuration/Poison/Air       6
   d - Freezing Cloud                 Conjuration/Ice/Air          6
   e - Ring of Flames                 Charms/Fire                  7
Comestibles
 c - a bread ration
 h - a beef jerky
 t - a chunk of flesh


   Skills:
 + Level 3.7 Fighting
 + Level 2.1 Axes
 * Level 3.0 Armour
 + Level 1.1 Dodging
 + Level 2.7 Invocations


You had 3 spell levels left.
You didn't know any spells.

Dungeon Overview and Level Annotations

Branches:
Dungeon (2/15)

Altars:
Cheibriados


Innate Abilities, Weirdness & Mutations

You have a pair of small antennae on your head.
A weak demonic guardian rushes to your aid.


Message History

* * * LOW HITPOINT WARNING * * *
You feel sick.
Drink which item? (? for menu, Esc to quit)
It was a potion of cancellation.
You feel magically purged.
* * * LOW HITPOINT WARNING * * *
You feel sick.
Drink which item? (? for menu, Esc to quit)
It was a potion of haste.
You feel yourself speed up.
* * * LOW HITPOINT WARNING * * *
You feel sick.
You are very lightly contaminated with residual magic.
You now have 46 gold pieces (gained 10).
* * * LOW HITPOINT WARNING * * *
You feel sick.
You aren't carrying any potions.
Read which item? (? for menu, Esc to quit)
Okay, then.
* * * LOW HITPOINT WARNING * * *
You feel sick.
You die...

#..........#...
#..............
#..............
#..............
#######)..##...
#............
#............
#............
#....@.......
#....).......
#.........###
###+#........ #..........
#.......... .
###...................
###.....................
##.......................


There were no monsters in sight!

Vanquished Creatures
  3 adders (D:2)
  2 oozes
  2 dart slugs
  6 bats
  2 giant cockroaches
  5 goblins
  5 hobgoblins (D:1)
  3 jackals (D:1)
  3 kobolds
  2 giant newts (D:2)
  5 rats
38 creatures vanquished.

Notes
Turn   | Place    | Note
--------------------------------------------------------------
     0 | Abyss:1  | Gargoyl the Demonspawn Abyssal Knight began the quest for the Orb.
     0 | Abyss:1  | Reached XP level 1. HP: 18/18 MP: 2/2
   136 | Abyss:3  | Noticed a chaos spawn
   156 | Abyss:3  | Noticed a large abomination
   159 | D:1      | Escaped the Abyss
   240 | D:1      | Found a snail-covered altar of Cheibriados.
   251 | D:1      | Reached * piety under Lugonu
   262 | D:1      | Reached skill level 1 in Dodging
   263 | D:1      | Gained mutation: A weak demonic guardian rushes to your aid. [demonic ancestry]
   263 | D:1      | Reached XP level 2. HP: 18/24 MP: 3/3
   676 | D:1      | Reached XP level 3. HP: 29/29 MP: 4/4
  1389 | D:2      | Gained mutation: You have a pair of small antennae on your head. [demonic ancestry]
  1389 | D:2      | Reached XP level 4. HP: 20/37 MP: 6/6
  1763 | D:2      | Reached ** piety under Lugonu
  1787 | D:2      | HP: 1/37 [poisoned by a goblin]
  1788 | D:2      | Succumbed to a goblin's poison

Skill      XL: |  1  2  3  4 |
---------------+-------------+-----
Dodging        | 1 |  1.1
Axes           | 2 |  2.1
Armour         | 2 3 |  3.0
Fighting       | |  3.7
Invocations    | |  2.7

Action                   |  1- 3 |  4- 6 || total
-------------------------+-------+-------++-------
Melee: Hand axe          |   131 |    31 ||   162
Invok: Depart the Abyss  |     1 |       ||     1
  Use: Potion            |       |     3 ||     3
  Eat: Chunk             |     1 |     2 ||     3
Armor: Plate armour      |   154 |    31 ||   185
Dodge: Dodged            |    31 |    10 ||    41
